Map: Turbo Cruise '84 LE

Players

Mez - Winner!

  • Race: Terran Terran
  • League: Master
  • Spawn Location: 3:00

Totovich

  • Race: Protoss Protoss
  • League: Master
  • Spawn Location: 7:00

VOD

Have the link to the VOD?

Description

Time

  • Played on: July 31, 2019, 2:15 p.m.
  • Length: 15:19
Show
View Real Time Build Order
Export as new Build Order

Mez Terran - Winner!

Build Orders: Reaper Expand 

Get SALT Encoding   

  12  0:00  SCV  
  13  0:13  SCV  
  14  0:17  Supply Depot  
  14  0:25  SCV  
  15  0:39  SCV  
  15  0:40  Barracks  
  16  0:44  Refinery  
  16  0:51  SCV  
  17  1:03  SCV  
  18  1:15  SCV  
  19  1:29  Reaper  
  19  1:30  Orbital Command  
  20  1:46  Command Center  
  20  1:57  SCV  
  21  2:01  Barracks  
  21  2:05  Barracks Reactor  
  21  2:17  SCV  
  21  2:20  Supply Depot  
  22  2:26  Barracks  
  22  2:30  SCV  
  23  2:42  SCV, Marine x2  
  26  2:50  Barracks Tech Lab  
  26  2:54  SCV  
  27  3:00  Marine  
  27  3:02  Orbital Command  
  27  3:04  Marine  
  28  3:18  Marine  
  29  3:21  Marine, Marauder  
  29  3:22  Concussive Shells, Marine  
  29  3:24  SCV  
  34  3:28  SCV  
  35  3:36  SCV  
  35  3:38  Supply Depot  
  35  3:40  Engineering Bay, SCV  
  37  3:45  Marine, Marauder  
  37  3:48  SCV  
  41  3:54  Marine  
  42  3:57  SCV  
  42  4:00  SCV  
  44  4:05  Marine x2  
  46  4:13  Terran Infantry Weapons Level 1  
  46  4:15  Supply Depot  
  46  4:19  Marine x2  
  46  4:20  SCV x2  
  46  4:22  Stimpack  
  50  4:27  Marine x2  
  52  4:35  Command Center  
  52  4:38  SCV  
  52  4:39  SCV  
  52  4:42  Marine x2  
  56  4:46  Supply Depot  
  56  4:50  Refinery, SCV  
  56  4:51  Refinery, SCV  
  58  4:59  Marine  
  58  5:00  Marine  
  58  5:03  SCV x2  
  62  5:09  Barracks Tech Lab, Supply Depot  
  62  5:12  Marine  
  62  5:15  SCV x2  
  64  5:23  Marine x2  
  64  5:24  Bunker  
  65  5:29  Barracks  
  65  5:30  Barracks  
  65  5:31  Marine x2  
  65  5:32  SCV x2  
  69  5:38  Combat Shield  
  69  5:39  Factory  
  69  5:40  Supply Depot  
  69  5:44  SCV x2  
  71  5:54  Marine x2  
  71  5:56  Orbital Command  
  73  5:58  SCV  
  73  5:59  SCV  
  75  6:06  Marauder x2  
  75  6:07  Terran Infantry Armor Level 1  
  78  6:20  Missile Turret, Orbital Command  
  78  6:22  Missile Turret, SCV x2  
  78  6:25  Barracks Reactor, Barracks Tech Lab  
  79  6:28  Starport, Factory Reactor  
  79  6:34  Marauder x2  
  79  6:35  Marine  
  84  6:41  Supply Depot  
  84  6:46  SCV x3  
  87  6:53  Marine x2, Marauder  
  91  6:58  SCV x3  
  94  7:02  Missile Turret  
  94  7:05  Marine x3  
  96  7:11  Engineering Bay, Armory  
  96  7:15  Medivac x2  
  100  7:16  Supply Depot  
  98  7:25  Marine  
  98  7:26  Marine x4  
  98  7:27  Marauder x2  
  98  7:29  SCV x2  
  109  7:43  Marine  
  110  7:45  Marauder, Medivac x2  
  110  7:48  SCV  
  117  7:52  Supply Depot  
  117  7:54  Supply Depot  
  117  7:55  Supply Depot  
  117  8:08  Refinery  
  117  8:10  Starport  
  117  8:14  SCV x2, Marauder x3  
  117  8:15  SCV, Marine x4  
  117  8:16  Command Center  
  130  8:26  SCV  
  131  8:33  Viking x2  
  135  8:35  Marauder  
  135  8:37  Supply Depot  
  135  8:38  Terran Infantry Weapons Level 2, Supply Depot  
  137  8:42  Supply Depot  
  137  8:43  SCV x3  
  137  8:44  Refinery  
  140  8:51  Starport Reactor  
  140  8:55  SCV  
  141  8:59  SCV x2, Barracks  
  141  9:00  Barracks x2  
  141  9:01  Terran Infantry Armor Level 2  
  143  9:07  SCV  
  144  9:11  Viking x2, SCV  
  149  9:23  Marine x4, Marauder x3  
  159  9:35  Viking x2  
  163  9:40  Marine  
  163  9:41  Viking  
  163  9:43  Viking  
  168  9:48  Barracks Tech Lab x3  
  168  9:49  Ghost Academy  
  168  10:02  Marine x4, Marauder x3  
  178  10:08  Terran Ship Weapons Level 1  
  178  10:13  Missile Turret  
  178  10:14  Viking  
  180  10:21  Planetary Fortress  
  180  10:22  Command Center  
  180  10:24  Supply Depot  
  180  10:26  Supply Depot  
  180  10:45  Viking  
  150  10:58  Marine x2  
  150  10:59  Marine x2, Marauder x3  
  150  11:00  Viking x3  
  114  11:15  Viking  
  114  11:16  Marine x3, Marauder x3  
  108  11:20  Marauder  
  108  11:22  Marine, Marauder x2  
  109  11:30  Viking x3  
  109  11:31  Command Center  
  111  11:37  Marauder  
  111  11:39  Marine x3, Marauder  
  120  11:40  Marine, Marauder  
  120  11:44  SCV  
  122  11:48  Starport  
  118  11:57  Marine x3, Marauder x3  
  122  12:07  Marine x2, Marauder x2  
  113  12:13  Medivac x2  
  113  12:14  Medivac x2  
  113  12:15  Marine  
  114  12:20  Marine x2, Marauder x3  
  118  12:24  Marine  
  118  12:25  Marauder  
  118  12:28  Marine, Marauder  
  119  12:33  Marine  
  119  12:36  SCV  
  119  12:37  SCV x3, Planetary Fortress  
  117  12:41  Marauder  
  117  12:42  Marauder x2  
  121  12:44  Medivac  
  121  12:47  Starport Tech Lab  
  123  12:54  Refinery  
  123  12:55  Refinery x2  
  123  12:57  SCV x4  
  129  12:58  Marine, Marauder  
  129  12:59  Marine x3, Marauder x2  
  129  13:03  Marauder, Orbital Command  
  139  13:08  Viking x2  
  139  13:09  Viking  
  147  13:13  Marauder x2  
  147  13:16  Refinery, Marine x2  
  147  13:17  Refinery  
  151  13:26  Marine x3, Marauder  
  160  13:34  Marine  
  161  13:39  Missile Turret  
  161  13:45  Viking x4  
  161  13:46  Marine, Marauder  
  161  13:47  Ghost x2  
  161  13:48  Marine x3  
  181  14:02  Marauder  
  181  14:03  Marauder x2  
  181  14:04  Viking  
  181  14:08  Marauder  
  185  14:15  Viking  
  179  14:30  Ghost x2, Marauder x4  
  175  14:43  Marine x4  
  159  14:51  Marauder x3  
  159  14:52  Marauder  
Show
View Real Time Build Order
Export as new Build Order

Totovich Protoss 

Build Orders: 1 Gate Expand, Phoenix Opening, Colossus Rush 

Get SALT Encoding   

  12  0:01  Probe  
  13  0:13  Probe  
  14  0:17  Pylon  
  14  0:25  Probe  
  15  0:33  Probe  
  15  0:38  Gateway  
  16  0:46  Probe, Assimilator  
  17  0:58  Probe  
  18  1:11  Probe  
  19  1:26  Cybernetics Core  
  19  1:27  Probe  
  19  1:36  Nexus  
  19  1:40  Probe  
  19  1:44  Assimilator  
  20  1:51  Pylon  
  20  1:52  Adept  
  21  1:54  Probe  
  23  2:09  Probe, Warp Gate  
  23  2:15  Adept  
  24  2:22  Probe  
  27  2:31  Pylon  
  27  2:34  Probe  
  28  2:44  Stargate  
  28  2:46  Probe  
  29  2:51  Probe  
  29  2:58  Probe  
  31  3:03  Probe  
  32  3:18  Probe x2  
  32  3:19  Phoenix  
  32  3:26  Robotics Facility  
  32  3:27  Probe  
  32  3:30  Probe  
  32  3:32  Assimilator  
  36  3:35  Assimilator  
  36  3:36  Probe  
  37  3:42  Probe  
  37  3:45  Probe  
  39  3:48  Phoenix  
  39  3:54  Probe  
  42  3:57  Probe  
  42  4:01  Stalker  
  45  4:07  Probe  
  45  4:09  Probe  
  47  4:14  Immortal  
  47  4:19  Probe  
  47  4:21  Robotics Bay, Probe  
  49  4:31  Probe  
  54  4:34  Pylon  
  54  4:36  Pylon  
  55  4:52  Probe  
  55  4:55  Phoenix  
  55  4:56  Probe  
  58  5:03  Colossus  
  58  5:05  Probe  
  59  5:08  Probe  
  59  5:10  Forge  
  59  5:11  Forge  
  66  5:16  Extended Thermal Lance  
  66  5:17  Probe  
  66  5:20  Probe  
  68  5:24  Protoss Ground Weapons Level 1  
  68  5:31  Probe  
  69  5:36  Protoss Ground Armor Level 1  
  69  5:39  Nexus  
  69  5:42  Probe  
  70  5:51  Pylon x2  
  70  5:58  Shield Battery  
  70  6:00  Gateway  
  70  6:08  Colossus  
  76  6:16  Probe x2  
  77  6:28  Probe  
  77  6:29  Probe  
  79  6:38  Phoenix  
  81  6:40  Probe  
  81  6:43  Probe, Twilight Council  
  81  6:44  Stargate  
  83  6:52  Probe  
  83  6:53  Probe  
  85  6:55  Probe  
  85  6:59  Pylon  
  86  7:01  Sentry, Gateway  
  86  7:02  Colossus, Gateway  
  94  7:11  Zealot  
  94  7:25  Protoss Ground Armor Level 2  
  94  7:31  Pylon  
  94  7:32  Pylon  
  94  7:33  Protoss Ground Weapons Level 2, Pylon  
  94  7:34  Pylon  
  94  7:36  Pylon  
  91  7:37  Sentry  
  91  7:40  Sentry  
  94  7:45  Colossus  
  94  7:52  Phoenix  
  94  7:54  Probe  
  103  8:04  Nexus  
  103  8:05  Probe  
  104  8:06  Probe, Pylon  
  105  8:17  Probe  
  105  8:19  Phoenix  
  108  8:24  Protoss Air Weapons Level 1  
  108  8:25  Zealot x2  
  108  8:26  Sentry  
  114  8:29  Colossus  
  114  8:39  Probe  
  121  8:42  Assimilator  
  121  8:46  Assimilator  
  121  8:50  Probe  
  121  8:51  Probe  
  123  9:00  Pylon x2  
  123  9:02  Probe, Pylon  
  124  9:19  Observer  
  123  9:25  Nexus  
  123  9:39  Colossus  
  123  9:40  Probe x2  
  131  9:47  Templar Archives  
  131  9:54  Probe  
  131  9:55  Pylon  
  131  9:58  Probe  
  133  10:03  Stalker, Zealot  
  133  10:04  Protoss Ground Armor Level 3  
  133  10:05  Protoss Ground Weapons Level 3  
  137  10:10  Probe  
  137  10:13  Probe  
  139  10:22  Probe  
  139  10:23  Psionic Storm  
  139  10:25  High Templar, Warp Prism  
  144  10:36  Zealot  
  144  10:37  Zealot  
  132  11:04  Colossus  
  92  11:20  Stalker  
  92  11:21  Stalker x3  
  92  11:23  Phoenix  
  102  11:30  Probe x2  
  104  11:35  Probe  
  105  11:41  Gateway x2  
  105  11:42  Probe  
  105  11:44  Gateway  
  105  11:45  High Templar  
  105  11:46  High Templar x3  
  114  11:49  Nexus  
  114  11:58  Colossus  
  104  12:17  Archon x2  
  104  12:20  Zealot, Stalker x2  
  96  12:33  Stalker  
  96  12:34  Probe x2  
  96  12:43  Colossus  
  90  12:46  Probe x2  
  90  12:47  Probe  
  90  12:49  Pylon  
  93  12:54  High Templar x3  
  93  12:57  Stalker  
  93  12:58  Stalker x3, Probe  
  113  13:02  Probe x2  
  113  13:05  Probe, Pylon  
  116  13:10  Probe  
  118  13:15  Gateway  
  118  13:17  Gateway  
  118  13:26  Phoenix x2  
  122  13:30  Charge, Gateway x2  
  122  13:32  Gateway  
  120  13:35  Stalker x5  
  120  13:36  Stalker  
  120  13:39  Probe  
  133  13:44  Assimilator  
  133  13:45  Assimilator  
  133  13:51  High Templar  
  133  13:53  Colossus  
  141  13:59  Pylon  
  141  14:04  Shield Battery x2  
  141  14:06  High Templar, Shield Battery  
  141  14:07  Phoenix  
  141  14:08  Probe  
  146  14:18  Nexus  
  133  14:36  Probe  
  133  14:37  Probe  
  133  14:44  Archon  
  133  14:45  Archon  
  115  14:52  Zealot x5  
  117  14:53  Zealot x2  
  110  15:08  High Templar x3  
  110  15:09  High Templar, Zealot  
Tags
 
Add a new tag
Caveats
  • Supply blocks, unpowered buildings, or Contaminate may cause inaccurate times.
  • Supply counts are checked every 10 seconds.